 Dungeon Crawl Stone Soup version 0.24.0-13-gcf9b319 (webtiles) character file.

Game seed: 2865203090448523975, levelgen mode: deterministic

66 Bronimir the Poker (level 3, -4/29 HPs)
             Began as a Centaur Gladiator on Apr 10, 2020.
             Was an Initiate of Nemelex Xobeh.
             Slain by an ice beast (10 damage)
             ... on level 3 of the Dungeon.
             The game lasted 00:03:33 (2058 turns).

Bronimir the Poker (Centaur Gladiator)              Turns: 2058, Time: 00:03:34

Health: -4/29      AC:  5    Str: 17    XL:     3   Next: 96%
Magic:  3/3        EV: 10    Int:  7    God:    Nemelex Xobeh [......]
Gold:   26         SH:  0    Dex: 10    Spells: 2/2 levels left

rFire    . . .     SeeInvis .   a - +0 trident
rCold    . . .     Gourm    .   (no shield)
rNeg     . . .     Faith    .   b - +0 leather armour
rPois    .         Spirit   .   c - +0 helmet
rElec    .         Reflect  .   (no cloak)
rCorr    .         Harm     .   (no gloves)
MR       .....                  (no barding)
Stlth    ..........             (no amulet)
HPRegen  0.09/turn              (no ring)
MPRegen  0.08/turn              (no ring)

@: very quick
A: large, hooves 3, deformed body, speed 2, tough skin 3
a: Draw Escape, Draw Destruction, Draw Summoning, Renounce Religion


You were on level 3 of the Dungeon.
You worshipped Nemelex Xobeh.
Nemelex Xobeh was noncommittal.
You were very hungry.

You visited 1 branch of the dungeon, and saw 3 of its levels.

You collected 26 gold pieces.

Inventory:

Hand Weapons
 a - a +0 trident (weapon)
Missiles
 d - 3 throwing nets (quivered)
 i - 19 bolts
 j - 19 stones
 n - 9 arrows
Armour
 b - a +0 leather armour (worn)
 c - a +0 helmet (worn)
Scrolls
 e - a scroll of enchant weapon {unknown}
 h - 4 scrolls of identify {unknown}
 k - a scroll of enchant armour {unknown}
 l - 2 scrolls of teleportation {unknown}
 q - a scroll of immolation {unknown}
Potions
 g - a potion of heal wounds {unknown}
 m - a potion of lignification {unknown}
 o - a potion of might {unknown}
 p - a potion of flight {unknown}
 r - a potion of invisibility {unknown}
Comestibles
 f - 6 rations
 s - 4 chunks of flesh


   Skills:
 * Level 2.3 Fighting
 * Level 3.7 Polearms
 + Level 2.2 Throwing
 * Level 0.4 Armour
 * Level 2.6 Dodging


You had 2 spell levels left.
You didn't know any spells.
Your spell library was empty.

Dungeon Overview and Level Annotations

Branches:
Dungeon (3/15)

Altars:
Fedhas
Kikubaaqudgha
Nemelex Xobeh
Qazlal


Innate Abilities, Weirdness & Mutations

You have hooves in place of feet.
Armour fits poorly on your strangely shaped body.
You cover ground very quickly.
You have extremely tough skin. (AC +3)


Message History

The ice beast hits you but does no damage.
There is an open door here.
You see here a +0 club.
The ice beast hits you but does no damage.
There is an open door here.
You closely miss the ice beast.
You kick the ice beast, but do no damage.
The ice beast is severely wounded.
The ice beast hits you. The ice beast freezes you!
* * * LOW HITPOINT WARNING * * *
You hit the ice beast but do no damage. You kick the ice beast!
The ice beast is almost dead.
The ice beast hits you but does no damage.
You hit the ice beast. Your kick misses the ice beast.
The ice beast is almost dead.
The ice beast hits you.
* * * LOW HITPOINT WARNING * * *
The ice beast freezes you!
You die...
Your body disappears without a glow.

#.# #.## ####.#### .#
#.......# .#
#.##.##.# ##+## #
#.##.# ##...## #.##.#
##.....##
##.##.###.......##
#.#...#.##.........#
#....รท..Y@)........+
#.#...#.##.........#
#.......###.......##
####.#### ##.....##
#. ##...## #. ##+##
#. #.


You could see an ice beast.

Vanquished Creatures
  A worker ant (D:2)
  An adder (D:2)
  An ooze (D:2)
  A worm (D:3)
  A leopard gecko (D:2)
  3 goblins
  5 hobgoblins
  2 jackals (D:2)
  A ball python (D:3)
  5 bats
  2 kobolds (D:2)
  5 rats
28 creatures vanquished.

Notes
Turn   | Place    | Note
-------+----------+-------------------------------------------
     0 | D:1      | Bronimir the Centaur Gladiator began the quest for the Orb.
     0 | D:1      | Reached XP level 1. HP: 17/17 MP: 1/1
   284 | D:1      | Reached XP level 2. HP: 24/24 MP: 2/2
   721 | D:2      | Reached skill level 3 in Polearms
   775 | D:2      | Found a blossoming altar of Fedhas.
   877 | D:2      | Reached XP level 3. HP: 8/29 MP: 3/3
  1456 | D:2      | Found a stormy altar of Qazlal.
  1639 | D:2      | Found an ancient bone altar of Kikubaaqudgha.
  1639 | D:2      | Found a sparkling altar of Nemelex Xobeh.
  1768 | D:2      | Became a worshipper of Nemelex Xobeh the Trickster
  1919 | D:3      | Received a gift from Nemelex Xobeh
  2042 | D:3      | Noticed an ice beast
  2058 | D:3      | Slain by an ice beast

Levels and vault maps discovered:
D:1:      evilmike_arrival_crescent, layout_basic
D:2:      layout_basic, overflow_temple_1_default,
          nicolae_overflow_crystal_walls, gammafunk_temple_overflow_pools,
          minivault_11
D:3:      minmay_diamond_boxcup, layout_loops_corners,
          gammafunk_ghost_mausoleum, first_ration, portal_sewer_entry_b

Skill      XL: |  1  2 |
---------------+-------+-----
Polearms       | 3 |  3.7
Fighting       | |  2.3
Throwing       | |  2.2
Armour         | |  0.4
Dodging        | |  2.6

Action                   || total
-------------------------++-------
Melee: Trident           ||    66
       Kick              ||    13
 Abil: Draw Destruction  ||     5
  Eat: Chunk             ||     1
Armor: Leather armour    ||    13
Dodge: Dodged            ||    16
